| TOP OF THE 1ST |
|
Oklahoma State University Cowboys batting - Pitching for Clemson University Tigers : RHP Carlton Howe
|
|
Pitching: RHP Carlton Howe
|
|
|
Batting: RHB Wiliama Dana
|
0-0: Ball 1-0: Fly out, F8 (Line Drive, 8RD, EV 98.8 MPH)
|
|
Batting: LHB Orlando Rivera
|
0-0: Called Strike 0-1: Foul Ball, location: 2F 0-2: Ball 1-2: Strikes out looking
|
|
Batting: RHB Kinzo Yokoyama
|
0-0: Foul Ball, location: 2F 0-1: Called Strike 0-2: Ball 1-2: Strikes out looking
|
| Top of the 1st over - 0 runs, 0 hits, 0 errors, 0 left on base; Oklahoma State University 0 - Clemson University 0 |
| BOTTOM OF THE 1ST |
|
Clemson University Tigers batting - Pitching for Oklahoma State University Cowboys : RHP Katsunari Hayase
|
|
Pitching: RHP Katsunari Hayase
|
|
|
Batting: RHB Dave Pizarro
|
0-0: Called Strike 0-1: Ball 1-1: Ground out 6-3 (Groundball, 6S, EV 75.6 MPH)
|
|
Batting: LHB Pablo Serrato
|
0-0: Ball 1-0: Fly out, F5 (Popup, 25F, EV 90.6 MPH)
|
|
Batting: RHB Wes Reynolds
|
0-0: Ball 1-0: Ground out 6-3 (Groundball, 4M, EV 84.4 MPH)
|
| Bottom of the 1st over - 0 runs, 0 hits, 0 errors, 0 left on base; Oklahoma State University 0 - Clemson University 0 |
| TOP OF THE 2ND |
|
Oklahoma State University Cowboys batting - Pitching for Clemson University Tigers : RHP Carlton Howe
|
|
Batting: LHB Ian Cranton
|
0-0: Ball 1-0: DOUBLE (Line Drive, 7LS, EV 103.1 MPH)
|
|
Batting: RHB Robbie Gomez
|
0-0: Called Strike 0-1: Swinging Strike 0-2: Ball 1-2: Ball 2-2: Strikes out looking
|
|
Batting: SHB Chris Wagler
|
0-0: Called Strike 0-1: Ball 1-1: Ground out 3-1 (Groundball, 34S, EV 77.5 MPH) Ian Cranton to third
|
|
Batting: RHB Larry Clark
|
0-0: Foul Ball, location: 2F 0-1: Called Strike 0-2: Ball 1-2: Strikes out swinging
|
| Top of the 2nd over - 0 runs, 1 hit, 0 errors, 1 left on base; Oklahoma State University 0 - Clemson University 0 |
| BOTTOM OF THE 2ND |
|
Clemson University Tigers batting - Pitching for Oklahoma State University Cowboys : RHP Katsunari Hayase
|
|
Batting: RHB Jaime Rios
|
0-0: SINGLE (Line Drive, 89S, EV 96.3 MPH)
|
|
Batting: LHB Nick Martin
|
0-0: Ball 1-0: Ball 2-0: Called Strike 2-1: Foul Ball, location: 2F 2-2: Grounds into double play, 5-4-3 (Groundball, 56, EV 103.1 MPH)
|
|
Batting: LHB Pat Fontana
|
0-0: Called Strike 0-1: Ball 1-1: Ground out 2-3 (Groundball, 13S, EV 63.1 MPH)
|
| Bottom of the 2nd over - 0 runs, 1 hit, 0 errors, 0 left on base; Oklahoma State University 0 - Clemson University 0 |
| TOP OF THE 3RD |
|
Oklahoma State University Cowboys batting - Pitching for Clemson University Tigers : RHP Carlton Howe
|
|
Batting: RHB Tony Cabrera
|
0-0: Ground out 6-3 (Groundball, 6, EV 86.3 MPH)
|
|
Batting: SHB Greg Shaw
|
0-0: Called Strike 0-1: Ball 1-1: Swinging Strike 1-2: Ball 2-2: Foul Ball, location: 2F 2-2: Strikes out swinging
|
|
Batting: RHB Wiliama Dana
|
0-0: Called Strike 0-1: Foul Ball, location: 2F 0-2: Fly out, F8 (Flyball, 8LD, EV 91.3 MPH)
|
| Top of the 3rd over - 0 runs, 0 hits, 0 errors, 0 left on base; Oklahoma State University 0 - Clemson University 0 |
| BOTTOM OF THE 3RD |
|
Clemson University Tigers batting - Pitching for Oklahoma State University Cowboys : RHP Katsunari Hayase
|
|
Batting: SHB Ronnie Brooks
|
0-0: Called Strike 0-1: Ground out U3 (Groundball, 3S, EV 90.6 MPH)
|
|
Batting: RHB Ken Manser
|
0-0: Foul Ball, location: 2F 0-1: Called Strike 0-2: Foul Ball, location: 2F 0-2: Ball 1-2: Strikes out looking
|
|
Batting: RHB Carlos Gonzalez
|
0-0: Called Strike 0-1: Ground out 6-3 (Groundball, 6, EV 82.5 MPH)
|
| Bottom of the 3rd over - 0 runs, 0 hits, 0 errors, 0 left on base; Oklahoma State University 0 - Clemson University 0 |
| TOP OF THE 4TH |
|
Oklahoma State University Cowboys batting - Pitching for Clemson University Tigers : RHP Carlton Howe
|
|
Batting: LHB Orlando Rivera
|
0-0: Called Strike 0-1: Foul Ball, location: 2F 0-2: Ball 1-2: Foul Ball, location: 2F 1-2: SINGLE (Groundball, 4MS, EV 69.4 MPH) (infield hit)
|
|
Batting: RHB Kinzo Yokoyama
|
0-0: Ball 1-0: Ball 2-0: Ball 3-0: Called Strike 3-1: Base on Balls Orlando Rivera to second
|
|
Batting: LHB Ian Cranton
|
0-0: Called Strike 0-1: Foul Ball, location: 2F 0-2: Ball 1-2: Strikes out swinging
|
|
Batting: RHB Robbie Gomez
|
0-0: Called Strike 0-1: Ball 1-1: Called Strike 1-2: Strikes out swinging
|
|
Batting: SHB Chris Wagler
|
0-0: Ball 1-0: Ball 2-0: Ground out 4-3 (Groundball, 4, EV 106.3 MPH)
|
| Top of the 4th over - 0 runs, 1 hit, 0 errors, 2 left on base; Oklahoma State University 0 - Clemson University 0 |
| BOTTOM OF THE 4TH |
|
Clemson University Tigers batting - Pitching for Oklahoma State University Cowboys : RHP Katsunari Hayase
|
|
Batting: RHB Dave Pizarro
|
0-0: Ball 1-0: Swinging Strike 1-1: Called Strike 1-2: Foul Ball, location: 2F 1-2: Ball 2-2: Ground out 2-3 (Groundball, 15S, EV 66.9 MPH)
|
|
Batting: LHB Pablo Serrato
|
0-0: Called Strike 0-1: Ball 1-1: Called Strike 1-2: Strikes out swinging
|
|
Batting: RHB Wes Reynolds
|
0-0: Foul Ball, location: 2F 0-1: Called Strike 0-2: Foul Ball, location: 2F 0-2: Ground out 5-3 (Groundball, 56, EV 100.0 MPH)
|
| Bottom of the 4th over - 0 runs, 0 hits, 0 errors, 0 left on base; Oklahoma State University 0 - Clemson University 0 |
| TOP OF THE 5TH |
|
Oklahoma State University Cowboys batting - Pitching for Clemson University Tigers : RHP Carlton Howe
|
|
Pitching: RHP Chris Santos
|
|
|
Batting: RHB Larry Clark
|
0-0: Called Strike 0-1: Called Strike 0-2: Ball 1-2: Foul Ball, location: 2F 1-2: Strikes out swinging
|
|
Batting: RHB Tony Cabrera
|
0-0: SINGLE (Groundball, 5S, EV 65.6 MPH) (infield hit)
|
|
Batting: SHB Greg Shaw
|
0-0: Ball 1-0: Called Strike 1-1: Called Strike 1-2: Ball 2-2: Ground out 4-3 (Groundball, 34D, EV 106.9 MPH) Tony Cabrera to second
|
|
Batting: RHB Wiliama Dana
|
0-0: Ball 1-0: Ball 2-0: Ball 3-0: Base on Balls
|
|
Batting: LHB Orlando Rivera
|
0-0: Foul Ball, location: 2F 0-1: Ball 1-1: DOUBLE (Line Drive, 89D, EV 106.9 MPH) Tony Cabrera scores Wiliama Dana to third Runner from 3rd tries for Home, SAFE, throw by CF to home
|
|
Batting: RHB Kinzo Yokoyama
|
0-0: Ball 1-0: Ball 2-0: Swinging Strike 2-1: Ball 3-1: Base on Balls
|
|
Batting: LHB Ian Cranton
|
0-0: Ball 1-0: SINGLE (Groundball, 34D, EV 96.3 MPH) Orlando Rivera to third Kinzo Yokoyama to second Runner from 3rd tries for Home, SAFE, throw by RF to home
|
|
Batting: RHB Robbie Gomez
|
0-0: Called Strike 0-1: Swinging Strike 0-2: Strikes out swinging
|
| Top of the 5th over - 3 runs, 3 hits, 0 errors, 2 left on base; Oklahoma State University 3 - Clemson University 0 |
| BOTTOM OF THE 5TH |
|
Clemson University Tigers batting - Pitching for Oklahoma State University Cowboys : RHP Katsunari Hayase
|
|
Pitching: RHP Rob Green
|
|
|
Batting: RHB Jaime Rios
|
0-0: Foul Ball, location: 2F 0-1: Ball 1-1: Ball 2-1: Ground out 5-3 (Groundball, 56, EV 88.8 MPH)
|
|
Batting: LHB Nick Martin
|
0-0: Ball 1-0: Ball 2-0: Foul Ball, location: 2F 2-1: Foul Ball, location: 2F 2-2: Strikes out swinging
|
|
Batting: LHB Pat Fontana
|
0-0: Ground out 6-3 (Groundball, 6MS, EV 70.6 MPH)
|
| Bottom of the 5th over - 0 runs, 0 hits, 0 errors, 0 left on base; Oklahoma State University 3 - Clemson University 0 |
| TOP OF THE 6TH |
|
Oklahoma State University Cowboys batting - Pitching for Clemson University Tigers : RHP Chris Santos
|
|
Pitching: RHP Kyle Rindels
|
|
|
Batting: SHB Chris Wagler
|
0-0: Swinging Strike 0-1: Fly out, F8 (Line Drive, 8RM, EV 93.1 MPH)
|
|
Batting: RHB Larry Clark
|
0-0: Called Strike 0-1: Called Strike 0-2: Ball 1-2: Ball 2-2: Ball 3-2: Strikes out looking
|
|
Batting: RHB Tony Cabrera
|
0-0: Ground out 4-3 (Groundball, 34, EV 83.1 MPH)
|
| Top of the 6th over - 0 runs, 0 hits, 0 errors, 0 left on base; Oklahoma State University 3 - Clemson University 0 |
| BOTTOM OF THE 6TH |
|
Clemson University Tigers batting - Pitching for Oklahoma State University Cowboys : RHP Rob Green
|
|
Batting: SHB Ronnie Brooks
|
0-0: Ball 1-0: Swinging Strike 1-1: Ball 2-1: Called Strike 2-2: Ball 3-2: Base on Balls
|
|
Batting: RHB Ken Manser
|
0-0: Ball 1-0: Ball 2-0: Ball 3-0: Called Strike 3-1: SINGLE (Flyball, 8RS, EV 98.1 MPH) Ronnie Brooks to second
|
|
Pinch Hitting: LHB Jamie Spangenberg
|
0-0: Fielders Choice at 2nd, 2-4 (Groundball, 2L, EV 76.3 MPH) Ronnie Brooks to third
|
|
Pinch Hitting: RHB Ryan Starks
|
0-0: Called Strike 0-1: Swinging Strike 0-2: Strikes out swinging
|
|
Batting: LHB Pablo Serrato
|
0-0: Ball 1-0: DOUBLE (Line Drive, 7LM, EV 108.8 MPH) Ronnie Brooks scores Jamie Spangenberg to third
|
|
Batting: RHB Wes Reynolds
|
0-0: Foul Ball, location: 2F 0-1: Ground out 5-3 (Groundball, 56, EV 96.3 MPH)
|
| Bottom of the 6th over - 1 run, 2 hits, 0 errors, 2 left on base; Oklahoma State University 3 - Clemson University 1 |
| TOP OF THE 7TH |
|
Oklahoma State University Cowboys batting - Pitching for Clemson University Tigers : RHP Kyle Rindels
|
|
Now at 1B: Jorge Renteria
|
|
|
Now in LF: Brandon Homol
|
|
|
Now in CF: Pat Fontana
|
|
|
Batting: SHB Greg Shaw
|
0-0: Ball 1-0: Called Strike 1-1: Ball 2-1: Ball 3-1: Foul Ball, location: 2F 3-2: Strikes out swinging
|
|
Batting: RHB Wiliama Dana
|
0-0: Ball 1-0: Ground out 4-3 (Groundball, 4M, EV 106.9 MPH)
|
|
Pinch Hitting: RHB Mario Arriero
|
0-0: Ball 1-0: Called Strike 1-1: Swinging Strike 1-2: Strikes out swinging
|
| Top of the 7th over - 0 runs, 0 hits, 0 errors, 0 left on base; Oklahoma State University 3 - Clemson University 1 |
| BOTTOM OF THE 7TH |
|
Clemson University Tigers batting - Pitching for Oklahoma State University Cowboys : RHP Rob Green
|
|
Now in LF: Josh Hopp
|
|
|
Now in CF: Robbie Gomez
|
|
|
Batting: RHB Jaime Rios
|
0-0: Ball 1-0: Ball 2-0: Ball 3-0: Called Strike 3-1: Foul Ball, location: 2F 3-2: Foul Ball, location: 2F 3-2: Foul Ball, location: 2F 3-2: Strikes out looking
|
|
Batting: LHB Nick Martin
|
0-0: Ball 1-0: Called Strike 1-1: SOLO HOME RUN (Flyball, 89XD, EV 99.4 MPH), Distance : 424 ft
|
|
Batting: LHB Pat Fontana
|
0-0: Ball 1-0: Ball 2-0: DOUBLE (Flyball, 8LD, EV 92.5 MPH)
|
|
Batting: SHB Ronnie Brooks
|
0-0: Called Strike 0-1: SINGLE (Line Drive, 9S, EV 98.1 MPH) Pat Fontana to third Throwing error, E9 Pat Fontana scores Ronnie Brooks to second
|
|
Batting: RHB Ken Manser
|
0-0: Ball 1-0: Ball 2-0: Foul Ball, location: 2F 2-1: Ball 3-1: Foul Ball, location: 2F 3-2: Strikes out looking
|
|
Pitching: LHP Fadeuka Aleev
|
|
|
Pinch Hitting: RHB Leo Candelas
|
0-0: Ball 1-0: Fly out, F4 (Popup, 4S, EV 66.3 MPH)
|
| Bottom of the 7th over - 2 runs, 3 hits, 1 error, 1 left on base; Oklahoma State University 3 - Clemson University 3 |
| TOP OF THE 8TH |
|
Oklahoma State University Cowboys batting - Pitching for Clemson University Tigers : RHP Kyle Rindels
|
|
Now in LF: Mike Elkins
|
|
|
Batting: RHB Kinzo Yokoyama
|
0-0: Ball 1-0: Ball 2-0: Foul Ball, location: 2F 2-1: SINGLE (Flyball, 7S, EV 95.0 MPH)
|
|
Batting: RHB Steve Hutchins
|
0-0: Foul Ball, location: 2F 0-1: SINGLE (Groundball, 6MD, EV 101.9 MPH) Kinzo Yokoyama to second
|
|
Pinch Hitting: RHB Ed Santibanez
|
0-0: Ball 1-0: Grounds into double play, 4-6-3 (Groundball, 4, EV 106.3 MPH) Kinzo Yokoyama to third
|
|
Batting: SHB Chris Wagler
|
0-0: Ball 1-0: Called Strike 1-1: Swinging Strike 1-2: Ball 2-2: Foul Ball, location: 2F 2-2: 2-RUN HOME RUN (Line Drive, 89XD, EV 111.3 MPH), Distance : 427 ft
|
|
Pinch Hitting: RHB Josh Patterson
|
0-0: Ball 1-0: Swinging Strike 1-1: Foul Ball, location: 2F 1-2: Foul Ball, location: 2F 1-2: Strikes out swinging
|
| Top of the 8th over - 2 runs, 3 hits, 0 errors, 0 left on base; Oklahoma State University 5 - Clemson University 3 |
| BOTTOM OF THE 8TH |
|
Clemson University Tigers batting - Pitching for Oklahoma State University Cowboys : LHP Fadeuka Aleev
|
|
Now at SS: Suzunosuke Yamaguchi
|
|
|
Now in CF: Ed Santibanez
|
|
|
Batting: SHB Jorge Renteria
|
0-0: Ball 1-0: Ground out 6-3 (Groundball, 6, EV 83.1 MPH)
|
|
Batting: RHB Rich Vanegas
|
0-0: Ball 1-0: Ground out 5-3 (Groundball, 56, EV 107.5 MPH)
|
|
Pinch Hitting: SHB Justin Hensley
|
0-0: Foul Ball, location: 2F 0-1: Foul Ball, location: 2F 0-2: Ball 1-2: Foul Ball, location: 2F 1-2: Ball 2-2: Strikes out swinging
|
| Bottom of the 8th over - 0 runs, 0 hits, 0 errors, 0 left on base; Oklahoma State University 5 - Clemson University 3 |
| TOP OF THE 9TH |
|
Oklahoma State University Cowboys batting - Pitching for Clemson University Tigers : RHP Kyle Rindels
|
|
Pitching: RHP Brice MacKenzie
|
|
|
Now at 3B: Justin Hensley
|
|
|
Batting: RHB Tony Cabrera
|
0-0: Ball 1-0: SINGLE (Line Drive, 4M, EV 95.0 MPH)
|
|
Pinch Hitting: LHB Ed Talamantes
|
0-0: Foul Ball, location: 2F 0-1: Swinging Strike 0-2: Strikes out swinging
|
|
Pinch Hitting: RHB Justin Dunham
|
0-0: Ball 1-0: SINGLE (Groundball, 5S, EV 97.5 MPH) Tony Cabrera to second Tony Cabrera to third
|
|
Batting: RHB Josh Hopp
|
0-0: Called Strike 0-1: Fly out, F7 (Line Drive, 7D, EV 95.0 MPH) Runner from 3rd tags up, SCORES, throw by LF
|
|
Pinch Hitting: RHB Francisco Cabrera
|
0-0: Called Strike 0-1: Ball Pickoff Throw to First - Out! 1-3
|
| Top of the 9th over - 1 run, 2 hits, 0 errors, 0 left on base; Oklahoma State University 6 - Clemson University 3 |
| BOTTOM OF THE 9TH |
|
Clemson University Tigers batting - Pitching for Oklahoma State University Cowboys : LHP Fadeuka Aleev
|
|
Pitching: RHP Roberto Lamadrid
|
|
|
Now at C: Ed Talamantes
|
|
|
Now at 1B: Justin Dunham
|
|
|
Now at 2B: Francisco Cabrera
|
|
|
Batting: RHB Jaime Rios
|
0-0: Ball 1-0: DOUBLE (Line Drive, 9LS, EV 91.3 MPH)
|
|
Pitching: LHP Ronnie Pickering
|
|
|
Pinch Hitting: RHB Bartolo Aguilar
|
0-0: Foul Ball, location: 2F 0-1: Called Strike 0-2: Strikes out looking
|
|
Batting: LHB Pat Fontana
|
0-0: Foul Ball, location: 2F 0-1: Ball 1-1: Ball 2-1: Fly out, F7 (Flyball, 78M, EV 92.5 MPH)
|
|
Pinch Hitting: RHB Jimmy McIntosh
|
0-0: Called Strike 0-1: Ball 1-1: Foul Ball, location: 2F 1-2: Strikes out looking
|
| Bottom of the 9th over - 0 runs, 1 hit, 0 errors, 1 left on base; Oklahoma State University 6 - Clemson University 3 |
|